 Dungeon Crawl Stone Soup version 0.31-a0-152-g6aa68a64a1 (webtiles) character file.

Game seed: 14346105602018016823

47824 NoAnimeNoLife the Basher (level 14, -3/81 HPs)
             Began as a Vine Stalker Cinder Acolyte on June 11, 2023.
             Was an Elder of Yredelemnul.
             Shot with an arrow by Nessos (8 damage)
             ... on level 5 of the Lair of Beasts.
             The game lasted 00:17:58 (15163 turns).

NoAnimeNoLife the Basher (VSCA)                    Turns: 15163, Time: 00:17:58

Health: -3/81      AC: 19    Str: 18    XL:     14   Next: 43%
Magic:  0/24       EV: 18    Int: 14    God:    Yredelemnul [****..]
Gold:   1395       SH:  0    Dex: 12    Spells: 13/15 levels left

rFire   . . .        n - +2 flail (protect)
rCold   . . .        (no shield)
rNeg    . . .        C - +0 acid dragon scales
rPois   .            f - +0 helmet
rElec   .            e - +2 cloak
rCorr   +            t - +0 pair of gloves
SInv    +            (no boots)
Will    +....        (no amulet)
Stlth   +            i - ring "Onwupp" {Str-2 Slay+6 SInv}
HPRegen 1.13/turn    y - +5 ring of evasion
MPRegen 0.19/turn

%: guardian spirit
@: lethally poisoned (-3 -> -19), under a protective aura
A: fangs 3, regeneration 1, magic shield, antimagic bite, no potion heal 2
a: Renounce Religion, Recall Undead Harvest, Dark Bargain, Drain Life


You were on level 5 of the Lair of Beasts.
You worshipped Yredelemnul.
Yredelemnul was pleased with you.
You visited 3 branches of the dungeon, and saw 17 of its levels.
You also visited: Ossuary.

You collected 1395 gold pieces.

Inventory:

Hand Weapons
 a - a -1 mace of flaming
 n - a +2 flail of protection (weapon)
 F - a +0 dire flail of draining
Missiles
 x - a throwing net
Armour
 b - a +0 robe
 e - a +2 cloak (worn)
 f - a +0 helmet (worn)
 o - a +0 ring mail
 t - a +0 pair of gloves (worn)
 C - +0 acid dragon scales (worn)
Jewellery
 i - the ring "Onwupp" (left hand) {Str-2 Slay+6 SInv}
   (You found it on level 2 of the Dungeon)

   [ring of see invisible]

   Str:       It affects your strength (-2).
   Slay:      It affects your accuracy & damage with ranged weapons and melee
   (+6).
   SInv:      It lets you see invisible.
 j - a ring of magical power
 y - a +5 ring of evasion (right hand)
 A - a +5 ring of evasion
 J - a ring of protection from cold
Wands
 c - a wand of flame (17)
 v - a wand of roots (13)
 E - a wand of digging (11)
Scrolls
 g - 4 scrolls of blinking
 m - 4 scrolls of identify
 p - 5 scrolls of fear
 q - 7 scrolls of teleportation
 s - a scroll of brand weapon
 u - 4 scrolls of vulnerability
 w - a scroll of enchant weapon
 H - a scroll of silence
Potions
 d - a potion of brilliance {unknown}
 h - 3 potions of curing
 k - a potion of mutation
 l - a potion of resistance
 r - 9 potions of enlightenment
 z - 3 potions of haste
 B - 4 potions of heal wounds
 D - a potion of lignification
 G - a potion of might
 I - a potion of ambrosia {unknown}


   Skills:
 - Level 12.5 Fighting
 + Level 13.7 Maces & Flails
 - Level 4.7 Armour
 - Level 4.7 Dodging
 - Level 1.4 Spellcasting
 - Level 3.8 Fire Magic
 - Level 12.5 Invocations
 + Level 1.8 Evocations


You had 13 spell levels left.
You knew the following spells:

 Your Spells              Type           Power      Damage    Failure   Level
a - Scorch                Fire           22%        2d5       10%         2

Your spell library contained the following spells:

 Spells                   Type           Power      Damage    Failure   Level
 Beastly Appendage        Tmut           2%         N/A       32%         1
 Inner Flame              Hex/Fire       6%         N/A       41%         3
 Blink                    Tloc           2%         N/A       43%         2
 Lesser Beckoning         Tloc           2%         N/A       43%         2
 Wereblood                Tmut           1%         N/A       43%         2
 Ignite Poison            Fire/Tmut/Pois 4%         N/A       50%         3
 Frozen Ramparts          Ice            2%         1d1       67%         3
 Gell's Gravitas          Tloc           1%         N/A       67%         3
 Spider Form              Tmut/Pois      1%         N/A       67%         3
 Teleport Other           Tloc           1%         N/A       67%         3
 Tukima's Dance           Hex            1%         N/A       67%         3
 Flame Wave               Conj/Fire      6%         2d5       82%         4
 Sticky Flame             Conj/Fire      6%         2d3       82%         4
 Ice Form                 Ice/Tmut       1%         N/A       97%         4
 Manifold Assault         Tloc           1%         N/A       97%         4
 Passage of Golubria      Tloc           1%         N/A       97%         4
 Summon Ice Beast         Ice/Summ       1%         N/A       97%         4
 Iskenderun's Battlesphe  Conj           1%         2d6       100%        5
 Yara's Violent Unravell  Hex/Tmut       0%         3d3       100%        5
 Leda's Unmaking          Conj/Erth      0%         9d1       100%        6
 Summon Cactus Giant      Summ           0%         N/A       100%        6
 Spellforged Servitor     Conj/Summ      0%         N/A       100%        7
 Storm Form               Tmut/Air       0%         N/A       100%        7
 Ignition                 Fire           5%         3d4       100%        8


Dungeon Overview and Level Annotations

Branches:
Dungeon (11/15)            Temple (1/1) D:7            Lair (5/5) D:8
 Shoals (0/4) Lair:2       Spider (0/4) Lair:3        Slime (0/5) Lair:4
    Orc (0/2) D:11        Ossuary (visited)

Altars:
Ashenzari
Cheibriados
Dithmenos
Elyvilon
Fedhas
Gozag
Hepliaklqana
Kikubaaqudgha
Makhleb
Nemelex Xobeh
Okawaru
Qazlal
Ru
Sif Muna
Trog
Uskayaw
Vehumet
Wu Jian
Xom
Yredelemnul
Zin
The Shining One
Jiyva
Lugonu

Shops:
D:4 (   D:5 *

Portals:
Abyss: Lair:5

Annotations:
D:5 3 runed translucent doors, Ijustatesigmund's ghost, novice OpVM; blade888's ghost, novice DsCj
Lair:5 Nessos


Innate Abilities, Weirdness & Mutations

You have razor-sharp teeth.
Your natural rate of healing is unusually fast.
When hurt, damage is shared between your health and your magic reserves.
Your bite disrupts and absorbs the magic of your enemies.
Potions cannot restore your health.


Message History

The wolf misses you.
Your ugly thing zombie hits Nessos but does no damage.
A blink frog comes into view.
Aiming: Fastroot
Press: ? - help, Shift-Dir - straight line, f/p - Nessos
Aim: Nessos, wielding a +3 longbow of flaming, wearing a +0 barding and carrying a wand of paralysis (5) (lightly wounded, fast, possessable, not watching you, ally target)
The roots erupt in riotous growth!
Roots grab Nessos.
Your ugly thing zombie is unaffected.
The grasping roots constrict Nessos.
You feel extremely sick.
Nessos shoots an arrow.
The arrow hits you but does no damage. The wolf misses you.
Your wolf zombie barely misses the wolf.
The wolf completely misses you.
Your wolf zombie misses the wolf.
Nessos shoots an arrow.
The arrow hits you! The arrow burns you.
You are more poisoned.
The wolf bites you.
Your wolf zombie bites the wolf.
Your spectral ynoxinul hits the wolf but does no damage.
The wolf misses your wolf zombie.
Your wolf zombie bites the wolf but does no damage.
You can now drain ambient life force.
Your system rejects the healing.
You feel better.
The grasping roots constrict Nessos.
The roots release their grip on Nessos.
Nessos zaps a wand.
You resist with almost no effort. The wolf bites you but does no damage.
Nessos shoots an arrow.
The arrow hits you!!
* * * LOW HITPOINT WARNING * * *
The arrow burns you.
You are lethally poisoned!
* * * LOW HITPOINT WARNING * * *
The wolf closely misses your wolf zombie.
The blink frog blinks!
Your wolf zombie barely misses the wolf.
Your ugly thing zombie hits Nessos.
Your wolf zombie barely misses the wolf.
The wolf bites you but does no damage.
Your spectral ynoxinul hits the wolf!
Nessos shoots an arrow.
The arrow hits you!
You die...
Your body rises from the dead as a mindless zombie.

##...##########..
#.....##.....#...
##...............
#..Z.Z..Z.ZZ....
#..###.##..###..
###ZZ# ####..#
##. ## #...c#
#### #.
####..#....#.#
###Z
.....FZ@....#
#.#Z
......hhZ..##
##..
.....Z......# #..
.#..........#
###Z ########...#
#.#. #....# ##..
.ยง### #.. ...
##. #..


You could see Nessos (fast, possessable, ally target), a blink frog, 2 wolves, a
friendly spectral ynoxinul, 2 friendly basilisk zombies, 2 friendly wolf zombies
and a friendly ugly thing zombie.

Vanquished Creatures
  Kirke (Lair:3)
  A fire dragon (D:10)
  Erolcha (D:10)
  2 hydras
  2 boulder beetles
  4 two-headed ogres
  A centaur warrior (D:9)
  3 thrashing horrors (Lair:5)
  A skyshark (Lair:4)
  Lodul (D:11)
  3 ugly things
  3 black mambas (Lair:3)
  Joseph (D:10)
  A smoke demon (Lair:5)
  2 torpor snails
  10 cane toads
  2 rime drakes (Lair:2)
  8 komodo dragons
  A troll (D:8)
  2 ancient zymes (Lair:5)
  A meliai (Lair:3)
  Grinder (D:6)
  15 blink frogs
  4 dream sheep (Lair:3)
  A spriggan (Lair:5)
  A wraith (D:11)
  5 shadows
  2 hogs (Lair:3)
  2 ynoxinuls (Lair:5)
  2 basilisks (Lair:5)
  36 yaks
  8 wyverns
  2 steam dragons
  9 fire elementals
  Grum (Lair:1)
  3 vampire mosquitoes (D:11)
  2 chaos spawn (Lair:5)
  A large abomination (Lair:5)
  2 acid dragons
  15 water moccasins
  2 black bears
  3 ice beasts
  6 orc warriors
  A sky beast (D:7)
  11 ogres
  3 centaurs
  12 wolves
  The ghost of paps the Caller, an amateur OpSu (D:4)
  4 kobold brigands
  A gnoll sergeant (D:8)
  9 bullfrogs
  3 elf zombies (Ossuary)
  4 scorpions
  2 killer bees (Lair:3)
  8 small abominations (Lair:5)
  3 electric eels
  14 howler monkeys
  2 centaur zombies (Ossuary)
  A gnoll bouda (D:9)
  13 hounds
  A jelly (D:5)
  3 human zombies (Ossuary)
  11 orc priests
  A sleepcap (D:7)
  3 iguanas
  13 orc wizards
  4 hell rats (Lair:2)
  8 ogre zombies (D:11)
  2 mummies (Ossuary)
  9 adders
  14 gnolls
  3 ufetubi
  2 worms (D:2)
  6 dart slugs
  31 orcs
  6 endoplasms
  2 giant cockroaches (D:4)
  8 goblins
  10 hobgoblins
  11 jackals
  17 kobolds
  3 quokkas
  9 ball pythons
  4 bats
  5 frilled lizards
  5 goblin zombies
  11 hobgoblin zombies
  12 kobold zombies (Ossuary)
  2 orc skeletons (D:11)
  23 orc zombies
  4 rats
  A rat zombie (Ossuary)
510 creatures vanquished.

Vanquished Creatures (collateral kills)
  A black mamba (Lair:4)
  3 cane toads (Lair:4)
  3 komodo dragons
  7 blink frogs
  A spriggan (Lair:5)
  4 yaks
  A ynoxinul (Lair:5)
  A small abomination (Lair:5)
  A hog (Lair:3)
  3 basilisks
  A water moccasin (Lair:3)
  4 wolves (Lair:5)
  A bullfrog (Lair:3)
  A killer bee (Lair:3)
32 creatures vanquished.

Vanquished Creatures (others)
  An ugly thing zombie (Lair:5)
  A human zombie (Lair:3)
  A spectral yak (Lair:5)
  2 humans (Lair:3)
  6 blink frog zombies
  A torpor snail zombie (Lair:5)
  2 hog zombies (Lair:3)
  A spectral ynoxinul (Lair:5)
  A wyvern zombie (Lair:4)
  A water moccasin zombie (Lair:3)
  A spriggan zombie (Lair:5)
  3 yak zombies
  3 wolf zombies (Lair:5)
  A killer bee zombie (Lair:3)
  A bat (D:2)
  73 foxfires
99 creatures vanquished.

Grand Total: 641 creatures vanquished

Notes
Turn   | Place    | Note
-------+----------+-------------------------------------------
     0 | D:1      | NoAnimeNoLife the Vine Stalker Cinder Acolyte began the
                  | quest for the Orb.
     0 | D:1      | Reached XP level 1. HP: 11/11 MP: 3/3
   105 | D:1      | Reached XP level 2. HP: 8/16 MP: 5/5
   155 | D:1      | Learned a level 2 spell: Scorch
   347 | D:1      | Reached skill level 3 in Maces & Flails
   584 | D:1      | Reached XP level 3. HP: 20/20 MP: 3/6
  1176 | D:2      | Identified the ring "Onwupp" {Str-2 Slay+6 SInv}
  1267 | D:2      | Gained mutation: Your natural rate of healing is unusually
                  | fast. [Vine Stalker growth]
  1267 | D:2      | Reached XP level 4. HP: 19/24 MP: 0/7
  2544 | D:3      | Found an ancient bone altar of Kikubaaqudgha.
  2664 | D:4      | Reached XP level 5. HP: 29/29 MP: 8/8
  2813 | D:4      | Found Puyrist's Weapon Emporium.
  2831 | D:4      | Found a large runed translucent door.
  2831 | D:4      | Found a large runed translucent door.
  2836 | D:4      | Noticed paps's ghost (amateur OpSu)
  3071 | D:4      | Noticed an ogre
  3086 | D:4      | Killed an ogre
  3087 | D:4      | Reached skill level 4 in Maces & Flails
  3087 | D:4      | Reached XP level 6. HP: 34/34 MP: 9/9
  3179 | D:4      | Found a shadowy altar of Dithmenos.
  3917 | D:4      | Killed paps's ghost
  3941 | D:5      | Entered Level 5 of the Dungeon
  3942 | D:5      | Identified the +12 hand axe "Osiuvuru" {speed, Int+6}
  4040 | D:5      | Reached skill level 5 in Fighting
  4081 | D:5      | Reached skill level 5 in Maces & Flails
  4081 | D:5      | Reached XP level 7. HP: 39/39 MP: 10/10
  4481 | D:5      | Found Gekutohu's Elemental Accessories.
  4753 | D:5      | Reached skill level 6 in Maces & Flails
  4753 | D:5      | Gained mutation: You have razor-sharp teeth. [Vine Stalker
                  | growth]
  4753 | D:5      | Reached XP level 8. HP: 44/44 MP: 11/11
  4791 | D:5      | Found a runed translucent gate.
  4791 | D:5      | Found a runed translucent gate.
  4792 | D:5      | Found a runed translucent gate.
  4797 | D:5      | Noticed Ijustatesigmund's ghost (novice OpVM)
  4797 | D:5      | Noticed blade888's ghost (novice DsCj)
  5114 | D:6      | Reached skill level 7 in Maces & Flails
  5253 | D:6      | Noticed Grinder
  5260 | D:6      | Reached XP level 9. HP: 27/50 MP: 11/12
  5262 | D:6      | Killed Grinder
  5765 | D:7      | Found a shimmering altar of Xom.
  5842 | D:7      | Noticed a boulder beetle
  5848 | D:7      | Reached skill level 8 in Maces & Flails
  5889 | D:7      | Killed a boulder beetle
  5890 | D:7      | Reached skill level 9 in Maces & Flails
  6022 | D:7      | Found a staircase to the Ecumenical Temple.
  6038 | Temple   | Entered the Ecumenical Temple
  6340 | D:8      | Reached XP level 10. HP: 58/58 MP: 13/13
  6403 | D:8      | Found a sand-covered staircase.
  6409 | Ossuary  | Entered an ossuary
  6675 | D:8      | Found a staircase to the Lair.
  6836 | D:8      | Reached skill level 10 in Fighting
  6840 | D:8      | Reached skill level 10 in Maces & Flails
  7704 | D:9      | Noticed a two-headed ogre
  7709 | D:9      | Killed a two-headed ogre
  7816 | D:9      | Found a stormy altar of Qazlal.
  7912 | D:9      | Reached XP level 11. HP: 41/64 MP: 14/14
  8036 | D:9      | Noticed a two-headed ogre
  8036 | D:9      | Noticed a centaur warrior
  8055 | D:9      | Killed a centaur warrior
  8056 | D:9      | Reached skill level 11 in Maces & Flails
  8056 | D:9      | Killed a two-headed ogre
  8222 | D:10     | Entered Level 10 of the Dungeon
  8265 | D:10     | Noticed Joseph
  8273 | D:10     | Killed Joseph
  8408 | D:10     | Found a broken altar of Ashenzari.
  8410 | D:10     | Noticed Erolcha
  8426 | D:10     | Killed Erolcha
  8607 | D:10     | Noticed a fire dragon
  8629 | D:10     | Killed a fire dragon
  8766 | D:10     | Identified the +3 quarterstaff of Ashenzari {freeze, Str+7
                  | Int-4 Stlth+}
  8998 | D:11     | Found a staircase to the Orcish Mines.
  8999 | D:11     | Noticed a boulder beetle
  9086 | D:11     | Killed a boulder beetle
  9087 | D:11     | Reached skill level 12 in Maces & Flails
  9115 | D:11     | Noticed a white ugly thing
  9115 | D:11     | Noticed a two-headed ogre
  9124 | D:11     | Killed a white ugly thing
  9127 | D:11     | Killed a two-headed ogre
  9273 | D:11     | Reached XP level 12. HP: 61/72 MP: 15/15
  9444 | D:11     | Noticed a two-headed ogre
  9449 | D:11     | Killed a two-headed ogre
  9450 | D:11     | Reached skill level 1 in Armour
  9450 | D:11     | Reached skill level 1 in Dodging
  9545 | D:11     | Noticed Lodul
  9566 | D:11     | Killed Lodul
 10070 | Lair:1   | Entered Level 1 of the Lair of Beasts
 10222 | Lair:1   | Noticed Grum
 10230 | Lair:1   | Killed Grum
 10254 | Lair:1   | Reached skill level 13 in Maces & Flails
 11651 | Lair:2   | Noticed an eight-headed hydra
 11658 | Lair:2   | Killed an eight-headed hydra
 11747 | Lair:2   | Reached XP level 13. HP: 63/76 MP: 13/16
 11873 | Temple   | Fell from the grace of Ignis
 11873 | Temple   | Became a worshipper of Yredelemnul the Dark
 12006 | Lair:2   | You fall into a shaft and drop 1 floor!
 12012 | Lair:3   | Reached * piety under Yredelemnul
 12013 | Lair:3   | Reached skill level 1 in Invocations
 12022 | Lair:3   | You fall into a shaft and drop 1 floor!
 12101 | Lair:4   | Reached ** piety under Yredelemnul
 12111 | Lair:4   | Reached *** piety under Yredelemnul
 12117 | Lair:4   | Reached **** piety under Yredelemnul
 12117 | Lair:4   | Reached skill level 5 in Invocations
 12171 | Lair:4   | Reached ***** piety under Yredelemnul
 12346 | Lair:4   | You fall into a shaft and drop 1 floor!
 12346 | Lair:5   | Entered Level 5 of the Lair of Beasts
 12647 | Lair:4   | Found a viscous altar of Jiyva.
 12647 | Lair:4   | Found a staircase to the Slime Pits.
 12826 | Lair:3   | Noticed Kirke
 12853 | Lair:3   | Killed Kirke
 12944 | Lair:3   | Your ally Kirke died
 13220 | Lair:3   | Reached ****** piety under Yredelemnul
 13261 | Lair:3   | Found a hole to the Spider Nest.
 13624 | Lair:3   | Reached skill level 10 in Invocations
 14045 | Lair:2   | Was forgiven by Ignis
 14090 | Lair:2   | Found a staircase to the Shoals.
 14424 | Lair:5   | Reached XP level 14. HP: 73/81 MP: 19/22
 14734 | Lair:5   | Found a corrupted altar of Lugonu.
 14734 | Lair:5   | Found a one-way gate to the infinite horrors of the Abyss.
 14970 | Lair:5   | Reached skill level 1 in Evocations
 15154 | Lair:5   | Noticed Nessos
 15163 | Lair:5   | Shot with an arrow by Nessos

Illustrated notes

Levels and vault maps discovered:
D:1:      erik_arrival_orb_chamber, layout_basic
D:2:      layout_basic, minmay_misc_feat_diagonals
D:3:      layout_basic, mainiacjoe_overflow_alcove_2
D:4:      minmay_recursive_quarters, layout_basic,
          mainiacjoe_overflow_six_doors_small, ebering_ghost_disaster_area,
          serial_shops, shop, minmay_misc_feat_square
D:5:      layout_loops_corners, gammafunk_ghost_cemetery, minmay_holes,
          serial_bayou_pond_d, st_stairs_7, nicolae_elemental_shop
D:6:      layout_rooms, uniq_grinder
D:7:      layout_rooms, tgw_xom, minmay_temple_entry_glassed_door,
          minmay_chambers_of_fives
D:8:      layout_basic, erik_lair_island, enter_ossuary_2
D:9:      layout_roguey, grunt_qazlal_sundering, lightli_fourway_metalbox
D:10:     layout_loops_cross, nicolae_ashenzari_skybound, serial_glass,
          glass_columns_a, glass_columns_b, uniq_joseph, uniq_erolcha
D:11:     layout_long_grid, zombieorc2_lemuel, uniq_lodul
Temple:   bh_familiar_temple
Lair:1:   layout_layer_cave, small_statue_intersection, beast_lair_carwin_4,
          infiniplex_staircase_pool_2, uniq_grum
Lair:2:   layout_gridlike, shoals_dummy_entry
Lair:3:   layout_layer_cave, hellmonk_spider_entry_not_the_bees,
          patterned_corridor, grunt_megastairs_4, uniq_kirke
Lair:4:   layout_misc_corridors, slime_entry_1, lemuel_fruit_tree,
          infiniplex_staircase_pool
Lair:5:   hellmonk_lair_end_abyssal_woods, layout_long_grid, uniq_nessos

Skill      XL: |  1  2  3  4  5  6  7  8  9 10 11 12 13 14 |
---------------+-------------------------------------------+-----
Fighting       | 3 4 5 6 7 9 10 12 | 12.5
Maces & Flails | 3 4 5 6 7 9 10 12 13 | 13.7
Armour         | 4 |  4.7
Dodging        | 4 |  4.7
Invocations    | 10 12 | 12.5
Evocations     | 1 |  1.8
Spellcasting   | |  1.4
Fire Magic     | |  3.8

Action                     |  1- 3 |  4- 6 |  7- 9 | 10-12 | 13-15 || total
---------------------------+-------+-------+-------+-------+-------++-------
  Melee: Mace              |    36 |    27 |       |       |       ||    63
         Bite              |    11 |    22 |    49 |   231 |   170 ||   483
         Flail             |       |    64 |   141 |   629 |   424 ||  1258
         Punch             |       |       |     2 |     2 |     3 ||     7
         Dire flail        |       |       |       |    15 |       ||    15
   Cast: Scorch            |    21 |       |       |       |     1 ||    22
 Invoke: Fiery Armour      |       |     1 |       |     3 |       ||     4
         Foxfire Swarm     |       |       |       |     4 |       ||     4
         Recall Undead Har |       |       |       |       |     3 ||     3
         Bind Soul         |       |       |       |       |     2 ||     2
         Drain Life        |       |       |       |       |     1 ||     1
  Evoke: Wand              |       |       |    10 |    20 |     3 ||    33
    Use: Scroll            |       |     5 |     8 |     7 |     3 ||    23
         Potion            |       |       |     5 |     1 |     2 ||     8
   Stab: Paralysed         |       |       |     2 |     2 |       ||     4
         Distracted        |       |       |       |       |     5 ||     5
 Armour: Robe              |    14 |     8 |       |       |       ||    22
         Ring mail         |       |    28 |    92 |   137 |       ||   257
         Acid dragon scale |       |       |       |   209 |   127 ||   336
  Dodge: Dodged            |    41 |    44 |    81 |   383 |   320 ||   869

Table legend: (Time is in decaauts)
 A = Elapsed time spent in this place.
 B = Non-inter-level travel time spent in this place.
 C = Inter-level travel time spent in this place.
 D = Time resting spent in this place.
 E = Time spent auto-exploring this place.
 F = Levels seen in this place.
 G = Mean time per level.
                   A        B        C        D        E       F      G
               +--------+--------+--------+--------+--------+-----+--------+
         Total |  14970 |  13977 |    993 |    584 |  10774 |  18 |  831.7 |
       Dungeon |   9736 |   9058 |    678 |    266 |   7226 |  11 |  885.1 |
        Temple |    228 |    164 |     64 |      0 |    160 |   1 |  228.0 |
          Lair |   4788 |   4538 |    250 |    317 |   3300 |   5 |  957.6 |
       Ossuary |    217 |    217 |      0 |      0 |     88 |   1 |  217.0 |
               +--------+--------+--------+--------+--------+-----+--------+

Top non-repeatable levels by time:
  Lair:1: 1322 daAuts
     D:4: 1297 daAuts
     D:1: 1069 daAuts
     D:5: 1051 daAuts
     D:8: 1025 daAuts
  Lair:3: 1023 daAuts
    D:11: 1008 daAuts
  Lair:2: 922 daAuts
     D:3: 816 daAuts
     D:9: 787 daAuts
     D:2: 785 daAuts
  Lair:5: 770 daAuts
  Lair:4: 749 daAuts
    D:10: 743 daAuts
     D:7: 629 daAuts
